[Event "ICC tourney 2691 (75 10)"]
[Site "Internet Chess Club"]
[Date "2021.09.25"]
[Round "1"]
[White "MARKOVIC, GORAN:Goran21"]
[Black "BONDALAPATI, SRI VIBHAV:Vibhu11"]
[Result "0-1"]
[ICCResult "White checkmated"]
[WhiteElo "1856"]
[BlackElo "1742"]
[Opening "Sicilian defense"]
[ECO "B30"]
[NIC "SI.31"]
[Time "11:01:28"]
[TimeControl "4500+10"]

1. e4 c5 2. Nf3 Nc6 3. d3 g6 4. g3 Bg7 5. Bg2 Nf6 6. O-O O-O 7. Nc3 d6 8.
Nh4 Nd4 9. h3 e6 10. f4 Nh5 11. Kh2 Rb8 12. Ne2 Nxe2 13. Qxe2 f5 14. exf5
exf5 15. Re1 Bd7 16. c3 Bf6 17. Nf3 Bc6 18. Ng5 Bxg5 19. fxg5 Re8 20. Qf2
Rxe1 21. Qxe1 Bxg2 22. Kxg2 Qd7 23. Bf4 Re8 24. Qf2 Nxf4+ 25. gxf4 Qe6 26.
Rf1 Qxa2 27. c4 Qb3 28. Qf3 Qxb2+ 29. Rf2 Qd4 30. h4 Re3 31. Qxb7 Qxd3 32.
Qa8+ Kf7 33. Qb7+ Re7 34. Qb8 Qe4+ 35. Kh2 Qd4 36. Kg2 Qd1 37. Qb2 Qg4+ 38.
Kh2 Qxh4+ 39. Kg2 Qg4+ 40. Kh2 Qd1 41. Qf6+ Ke8 42. Qh8+ Kd7 43. Qb8 h6 44.
Qxa7+ Ke8 45. Qa8+ Kf7 46. gxh6 Qh5+ 47. Kg2 Qxh6 48. Qd5+ Kg7 49. Qxd6 Qh4
50. Qxc5 Qg4+ 51. Kh2 Re1 52. Qd4+ Kh7 53. Rb2 Qh4+ 54. Kg2 Qh1+ 55. Kf2
Qg1+ 56. Kf3 Qxd4 57. Rb7+ Kh6 58. c5 Qe3+ 59. Kg2 Rg1+ 60. Kh2 Qg3#
{White checkmated}
0-1

[Event "ICC tourney 2691 (75 10)"]
[Site "Internet Chess Club"]
[Date "2021.09.25"]
[Round "1"]
[White "STONE, ZEKARI TERELL:Checkmatestone"]
[Black "AYYAPPAN, SANTHOSH:SanthoshA"]
[Result "0-1"]
[ICCResult "White resigns"]
[WhiteElo "1801"]
[BlackElo "1623"]
[Opening "Evans gambit: Cordel variation"]
[ECO "C51"]
[NIC "IG.05"]
[Time "11:00:55"]
[TimeControl "4500+10"]

1. e4 e5 2. Nf3 Nc6 3. Bc4 Bc5 4. b4 Bxb4 5. c3 Be7 6. d4 Na5 7. Nxe5 Nxc4
8. Nxc4 d5 9. exd5 Qxd5 10. Ne3 Qa5 11. O-O Nf6 12. Nc4 Qa6 13. Ne5 O-O 14.
Nd2 Be6 15. Re1 Rfe8 16. c4 Rad8 17. d5 Bd7 18. Bb2 Bd6 19. Qf3 Bb4 20. Ne4
Bxe1 21. Rxe1 Qb6 22. Bc3 Re7 23. c5 Qa6 24. c6 Nxe4 25. Nxd7 Ng5 26. Qd1
Ne4 27. Qg4 f5 28. Qxf5 Nd6 29. Qg4 Rxe1+ 30. Bxe1 bxc6 31. Qe6+ Kh8 32. Ne5
Qc8 33. Qxc8 Rxc8 34. Nxc6 a6 35. a3 Nc4 36. Bb4 Nb6 37. Ne7 Rd8 38. d6 cxd6
39. Ba5 Re8 40. Bxb6 Rxe7 41. Be3 d5 42. Kf1 Kg8 43. g3 Kf7 44. Kg2 Ke8 45.
Kf3 Kd7 46. a4 Re4 47. a5 Kc6 48. Bb6 Kb5 49. h3 Kc4 50. g4 Kd3 51. Kg3 Ke2
52. f4 d4 53. Bxd4 Rxd4 54. f5 Rd5 55. Kf4 Rxa5 56. g5 Rb5 57. f6 gxf6 58.
gxf6 Rb7 59. Kf5 a5 60. h4 a4 61. Ke6 a3 62. f7 Rb8 63. Ke7 a2 {White
resigns} 0-1

[Event "ICC tourney 2691 (75 10)"]
[Site "Internet Chess Club"]
[Date "2021.09.25"]
[Round "1"]
[White "KRYLOV, RATISLAV:RatislavK"]
[Black "GOLI, SRIMAN:awakeflood"]
[Result "1-0"]
[ICCResult "Black resigns"]
[WhiteElo "1457"]
[BlackElo "1757"]
[Opening "French: Steinitz, Boleslavsky variation"]
[ECO "C11"]
[NIC "FR.04"]
[Time "11:01:02"]
[TimeControl "4500+10"]

1. e4 e6 2. d4 d5 3. Nc3 Nf6 4. e5 Nfd7 5. f4 c5 6. Nf3 Nc6 7. Be3 Qb6 8.
Na4 Qa5+ 9. c3 cxd4 10. b4 Nxb4 11. cxb4 Bxb4+ 12. Bd2 Bxd2+ 13. Nxd2 b6 14.
Bd3 O-O 15. O-O Nc5 16. Nxc5 bxc5 17. Bxh7+ Kxh7 18. Qh5+ Kg8 19. Nf3 Rd8
20. Ng5 Rd7 21. Rf3 Kf8 22. Qh8+ Ke7 23. Qg8 Bb7 24. Qxf7+ Kd8 25. Nxe6+ Kc8
26. Qf8+ Rd8 27. Nxd8 Qxd8 28. Qxc5+ Qc7 29. Qf8+ Qd8 30. Rc1+ Kd7 31. Qxg7+
{Black resigns}
1-0

[Event "ICC tourney 2691 (75 10)"]
[Site "Internet Chess Club"]
[Date "2021.09.25"]
[Round "1"]
[White "DORASZELSKI, ALEXANDER:alexdora"]
[Black "TAO, SIHAN:K06-16931716"]
[Result "1/2-1/2"]
[ICCResult "Game drawn by mutual agreement"]
[WhiteElo "1834"]
[BlackElo "1690"]
[Opening "Sicilian: Alapin's variation (2.c3)"]
[ECO "B22"]
[NIC "SI.47"]
[Time "11:00:55"]
[TimeControl "4500+10"]

1. e4 c5 2. c3 Nf6 3. e5 Nd5 4. d4 cxd4 5. Nf3 d6 6. cxd4 Nc6 7. Bc4 Nb6 8.
Bb5 e6 9. O-O Be7 10. Nc3 O-O 11. Qe2 a6 12. Bd3 Qc7 13. Qe4 g6 14. Bh6 Rd8
15. h4 dxe5 16. dxe5 Nd7 17. Bc2 Ndxe5 18. h5 Nxf3+ 19. Qxf3 Nd4 20. Qe4
Nxc2 21. Qxc2 Bd7 22. Qe4 Bc6 23. Qg4 Bf6 24. hxg6 hxg6 25. Rfe1 Qa5 26.
Rxe6 Bg7 27. Bxg7 Kxg7 28. Re7 Re8 29. Qd4+ Kg8 30. Rae1 Rxe7 31. Rxe7 Qg5
32. Ne4 {Game drawn by mutual agreement} 1/2-1/2

[Event "ICC tourney 2691 (75 10)"]
[Site "Internet Chess Club"]
[Date "2021.09.25"]
[Round "1"]
[White "ACKERMAN, RYAN:RyanTime"]
[Black "OLIVERO, ERIC-BAILEY:Tragiiic"]
[Result "1-0"]
[ICCResult "Black forfeits on time"]
[WhiteElo "1744"]
[BlackElo "1860"]
[Opening "QGD"]
[ECO "D52"]
[NIC "SL.03"]
[Time "11:01:22"]
[TimeControl "4500+10"]

1. d4 d5 2. c4 c6 3. Nf3 Nf6 4. Nc3 e6 5. Bg5 Nbd7 6. e3 Bd6 7. Bd3 O-O 8.
O-O dxc4 9. Bxc4 b5 10. Bd3 Qc7 11. Rc1 a6 12. a3 c5 13. dxc5 Nxc5 14. Bxb5
Rd8 15. Qc2 Bb7 16. Be2 Rac8 17. Rfd1 Nce4 18. Bxf6 Nxf6 19. Qa4 Qb6 20. Rc2
Bb8 21. Rcd2 Rxd2 22. Rxd2 {Black forfeits on time} 1-0

[Event "ICC tourney 2691 (75 10)"]
[Site "Internet Chess Club"]
[Date "2021.09.25"]
[Round "1"]
[White "CHANDI, ISHNOOR SINGH:Ishnoor"]
[Black "OPASKA, MICHAEL:mopaska1106"]
[Result "0-1"]
[ICCResult "White checkmated"]
[WhiteElo "1708"]
[BlackElo "1845"]
[Opening "Sicilian: Alapin's variation (2.c3)"]
[ECO "B22"]
[NIC "SI.47"]
[Time "11:01:50"]
[TimeControl "4500+10"]

1. e4 c5 2. c3 Nf6 3. e5 Nd5 4. d4 cxd4 5. cxd4 Nc6 6. Nc3 Nb6 7. Nf3 d6 8.
e6 fxe6 9. Ng5 Qd7 10. Bd3 g6 11. Nxh7 Bg7 12. Bxg6+ Kd8 13. Ng5 Kc7 14. Bf7
Nd8 15. Qc2 Kb8 16. Be3 Bf6 17. Bg6 Nc4 18. Nf3 Nc6 19. O-O-O Nxe3 20. fxe3
b6 21. Kb1 Bb7 22. e4 Rg8 23. Bf7 Rf8 24. Bxe6 Qxe6 25. d5 Qd7 26. dxc6 Bxc6
27. e5 Bxf3 28. exf6 Bxd1 29. Rxd1 Rxf6 30. Nd5 Rf7 31. Rc1 e6 32. Nb4 Kb7
33. Qe4+ d5 34. Qe2 Rc8 35. Qa6+ Kb8 36. Rxc8+ Qxc8 37. Qb5 Rf2 38. Nc6+ Ka8
39. Qa4 Qc7 40. a3 Qh7+ 41. Ka2 Rf1 42. Nd4 Qb1+ 43. Kb3 Qd1+ 44. Nc2 Qd3+
45. Ka2 Qc4+ 46. Qxc4 dxc4 47. h4 Rf2 48. Ne3 c3 49. Kb3 cxb2 50. Ka2 Re2
51. Ng4 Rxg2 52. Nf6 Rh2 53. h5 Kb7 54. a4 Ka6 55. Kb1 Ka5 56. Ka2 Kxa4 57.
Kb1 Kb3 58. h6 Rh1# {White checkmated} 0-1

[Event "ICC tourney 2691 (75 10)"]
[Site "Internet Chess Club"]
[Date "2021.09.25"]
[Round "1"]
[White "BRUDNO, STEPHEN:StevChess01"]
[Black "CAREY, MICHAEL P:xyzchessdude"]
[Result "0-1"]
[ICCResult "White checkmated"]
[WhiteElo "1672"]
[BlackElo "1829"]
[Opening "Benkö gambit half accepted"]
[ECO "A57"]
[NIC "BI.45"]
[Time "11:00:56"]
[TimeControl "4500+10"]

1. d4 Nf6 2. c4 c5 3. d5 b5 4. cxb5 a6 5. f3 e6 6. e4 exd5 7. exd5 d6 8. Nc3
Be7 9. Bc4 O-O 10. Nge2 Bb7 11. bxa6 Nxa6 12. O-O Nd7 13. a4 Nb6 14. Bxa6
Rxa6 15. Ng3 Qd7 16. Nge4 Rfa8 17. b3 c4 18. bxc4 Nxc4 19. Rb1 Rb6 20. Rxb6
Nxb6 21. Bf4 h6 22. Qb3 Nxa4 23. Nxa4 Rxa4 24. Rb1 Ba6 25. Qb8+ Kh7 26. Bg3
Rd4 27. Qb6 Qa4 28. Nc3 Qc4 29. Bf2 Rd2 30. Qe3 Bg5 31. Qe4+ Qxe4 32. fxe4
Bf6 33. Nd1 Bd3 34. Rc1 Bxe4 35. Ne3 Bg5 36. Re1 f5 37. h3 Bxe3 38. Bxe3
Rxd5 39. Kf2 Rb5 40. Re2 g5 41. g3 Kg6 42. Rd2 d5 43. Bd4 f4 44. gxf4 gxf4
45. Rb2 Rxb2+ 46. Bxb2 Kf5 47. Bd4 Kg5 48. Bg7 h5 49. Bf8 Kh4 50. Bd6 f3 51.
Be5 Kxh3 52. Bb8 Kg4 53. Bd6 h4 54. Bc7 Bd3 55. Be5 Be2 56. Ke3 Kf5 57. Bh2
Bd1 58. Kf2 Ke4 59. Ke1 Ba4 60. Kf2 Bd7 61. Bb8 Bg4 62. Bc7 Kd3 63. Bd8 h3
64. Bc7 d4 65. Kg3 Ke2 66. Bb6 f2 67. Bxd4 f1=Q 68. Kxg4 h2 69. Kg5 h1=Q 70.
Bg1 Qhxg1+ 71. Kh5 Qh3# {White checkmated} 0-1

[Event "ICC tourney 2691 (75 10)"]
[Site "Internet Chess Club"]
[Date "2021.09.25"]
[Round "2"]
[White "BRUDNO, STEPHEN:StevChess01"]
[Black "STONE, ZEKARI TERELL:Checkmatestone"]
[Result "1-0"]
[ICCResult "Black resigns"]
[WhiteElo "1672"]
[BlackElo "1801"]
[Opening "QGD: exchange, positional line, 6.Qc2"]
[ECO "D36"]
[NIC "QO.16"]
[Time "14:30:18"]
[TimeControl "4500+10"]

1. d4 d5 2. c4 e6 3. Nc3 Nf6 4. cxd5 exd5 5. Bg5 c6 6. Qc2 Be7 7. e3 O-O 8.
Bd3 h6 9. Bh4 Be6 10. Nge2 Re8 11. O-O Nbd7 12. f3 Bd6 13. Rac1 a6 14. Kh1
Nf8 15. Bf2 c5 16. dxc5 Bxc5 17. Nd4 Rc8 18. Qb1 Bd7 19. a3 Bd6 20. Qa2 Re5
21. Rce1 Rh5 22. Bg1 Ne4 23. fxe4 Bxh2 24. Bxh2 Qh4 25. Nf3 Qg3 26. Kg1 Qg6
27. Nxd5 Re8 28. Nf4 {Black resigns} 1-0

[Event "ICC tourney 2691 (75 10)"]
[Site "Internet Chess Club"]
[Date "2021.09.25"]
[Round "2"]
[White "GOLI, SRIMAN:awakeflood"]
[Black "MARKOVIC, GORAN:Goran21"]
[Result "0-1"]
[ICCResult "White resigns"]
[WhiteElo "1757"]
[BlackElo "1856"]
[Opening "Sicilian: Najdorf"]
[ECO "B90"]
[NIC "SI.14"]
[Time "14:30:24"]
[TimeControl "4500+10"]

1. e4 c5 2. Nf3 d6 3. d4 cxd4 4. Nxd4 Nf6 5. Nc3 a6 6. f3 e5 7. Nb3 Be7 8.
Be3 O-O 9. Qd2 Be6 10. O-O-O Qc7 11. g4 Nbd7 12. Rg1 b5 13. g5 Nh5 14. Nd5
Bxd5 15. exd5 Nb6 16. Na5 Nxd5 17. Qxd5 Qxa5 18. Bh3 g6 19. Bg4 Nf4 20. Bxf4
exf4 21. h4 Qb6 22. Rge1 Ra7 23. Re4 Rc7 24. Rde1 Rc5 25. Qb3 Re5 26. Qc3 f6
27. Be6+ Kg7 28. Rxf4 a5 29. a3 Bd8 30. Bb3 a4 31. Ba2 Rfe8 32. Rfe4 Qf2 33.
gxf6+ Bxf6 34. Qc7+ R8e7 35. Qxd6 Qxe1+ 36. Rxe1 Rxe1+ 37. Kd2 R7e2+ 38. Kd3
Rd1+ {White resigns} 0-1

[Event "ICC tourney 2691 (75 10)"]
[Site "Internet Chess Club"]
[Date "2021.09.25"]
[Round "2"]
[White "TAO, SIHAN:K06-16931716"]
[Black "YUE, TARIQ:K01-30014129"]
[Result "1-0"]
[ICCResult "Black resigns"]
[WhiteElo "1690"]
[BlackElo "1438"]
[Opening "Sicilian: dragon, Yugoslav attack, Rauser variation"]
[ECO "B76"]
[NIC "SI.17"]
[Time "14:30:16"]
[TimeControl "4500+10"]

1. e4 c5 2. Nf3 d6 3. d4 cxd4 4. Nxd4 Nf6 5. Nc3 g6 6. Be3 Bg7 7. f3 O-O 8.
Qd2 Nc6 9. O-O-O Bd7 10. Kb1 Rc8 11. g4 h5 12. h3 Re8 13. Be2 h4 14. Qe1 e5
15. Ndb5 Re7 16. Nxd6 Rc7 17. Ncb5 a6 18. Nxc7 Qxc7 19. Qxh4 b5 20. Rhg1 Re6
21. Nf5 Nb4 22. c3 Nxa2 23. Kxa2 Bc6 24. Nxg7 Qa5+ 25. Kb1 Kxg7 26. Bg5 Nxe4
27. Qh6+ Kg8 28. Rd8+ Be8 29. fxe4 {Black resigns} 1-0

[Event "ICC tourney 2691 (75 10)"]
[Site "Internet Chess Club"]
[Date "2021.09.25"]
[Round "2"]
[White "OLIVERO, ERIC-BAILEY:Tragiiic"]
[Black "CHANDI, ISHNOOR SINGH:Ishnoor"]
[Result "1-0"]
[ICCResult "Black checkmated"]
[WhiteElo "1860"]
[BlackElo "1708"]
[Opening "French: exchange variation"]
[ECO "C01"]
[NIC "FR.01"]
[Time "14:30:21"]
[TimeControl "4500+10"]

1. e4 e6 2. d4 d5 3. exd5 exd5 4. c4 Nf6 5. Nf3 c6 6. Nc3 Bd6 7. c5 Bc7 8.
Bd3 O-O 9. O-O b5 10. Re1 Bg4 11. h3 Bh5 12. Bg5 Nbd7 13. g4 Bg6 14. Ne5 Qc8
15. Nxc6 Qb7 16. Ne7+ Kh8 17. Nxg6+ hxg6 18. Bxb5 Ba5 19. Rb1 Ne4 20. Rxe4
dxe4 21. c6 Qc7 22. cxd7 Qd6 23. Nxe4 Qd5 24. Qe2 f6 25. Bh4 Rf7 26. Bc4
Qxd7 27. Bxf7 Qxf7 28. b3 Re8 29. Qd3 Qd5 30. Nxf6 gxf6 31. Bxf6+ Kh7 32.
Rc1 Kh6 33. g5+ Kh7 34. Qc4 Qd7 35. Qc6 Re1+ 36. Kg2 Qxc6+ 37. Rxc6 Bb6 38.
Rc8 Bd8 39. Rxd8 Re7 40. Rh8# {Black checkmated} 1-0

[Event "ICC tourney 2691 (75 10)"]
[Site "Internet Chess Club"]
[Date "2021.09.25"]
[Round "2"]
[White "BROCKHOUSE, JOHN:bbrockva"]
[Black "DORASZELSKI, ALEXANDER:alexdora"]
[Result "0-1"]
[ICCResult "White resigns"]
[WhiteElo "1343"]
[BlackElo "1834"]
[Opening "QGD: Tarrasch, Prague variation, Normal position"]
[ECO "D34"]
[NIC "TD.04"]
[Time "14:30:17"]
[TimeControl "4500+10"]

1. d4 d5 2. c4 e6 3. Nc3 c5 4. cxd5 exd5 5. Nf3 Nc6 6. g3 Nf6 7. Bg2 Be7 8.
O-O O-O 9. b3 Ne4 10. Bb2 Bf6 11. e3 Bg4 12. Na4 cxd4 13. exd4 Ng5 14. Rc1
Re8 15. h4 Nxf3+ 16. Bxf3 Bxf3 17. Qxf3 Qd6 18. Rc5 Rad8 19. Rfc1 Nxd4 20.
Bxd4 Bxd4 21. Rc7 Re7 22. Rc8 Rd7 23. R8c2 Qf6 24. Qg2 g6 25. Nb2 Bxb2
{White resigns}
0-1

[Event "ICC tourney 2691 (75 10)"]
[Site "Internet Chess Club"]
[Date "2021.09.25"]
[Round "2"]
[White "AYYAPPAN, SANTHOSH:SanthoshA"]
[Black "ACKERMAN, RYAN:RyanTime"]
[Result "0-1"]
[ICCResult "White checkmated"]
[WhiteElo "1623"]
[BlackElo "1744"]
[Opening "QGD Slav defense"]
[ECO "D10"]
[NIC "SL.01"]
[Time "14:33:20"]
[TimeControl "4500+10"]

1. d4 d5 2. c4 c6 3. Nc3 Nf6 4. Bg5 dxc4 5. a4 Qa5 6. Bxf6 exf6 7. e4 Bb4 8.
Qc1 Be6 9. Nf3 O-O 10. Be2 h6 11. O-O f5 12. exf5 Qxf5 13. Ne5 Rd8 14. Bg4
Qf6 15. Ne4 Qe7 16. Bxe6 Qxe6 17. Rd1 b5 18. axb5 cxb5 19. Qf4 Nc6 20. Nf3
Ne7 21. Nc3 Bxc3 22. bxc3 Nd5 23. Qd2 a5 24. Re1 Qd6 25. Rab1 b4 26. cxb4
axb4 27. Ne5 c3 28. Qc2 Qa6 29. Qf5 Ra7 30. g4 Qc8 31. Qf3 c2 32. Rbc1 Qc3
33. Qxc3 Nxc3 34. Nc6 b3 35. Nxd8 Na2 36. Ra1 b2 37. Nc6 bxa1=Q 38. Rxa1 Rc7
39. d5 c1=Q+ 40. Rxc1 Nxc1 41. Ne5 Rc5 42. Nc6 Kf8 43. Nb4 Rc4 44. Nc6 Rxg4+
45. Kf1 Rg5 46. Nb4 Ke7 47. f3 Kd6 48. Kf2 Kc5 49. Nc2 Kxd5 50. Ne3+ Ke6 51.
h4 Ra5 52. f4 Ra2+ 53. Kf3 Ra3 54. Kf2 Rxe3 55. Kxe3 Kf5 56. Kf3 Nd3 57. Kg3
Nxf4 58. Kf3 Ng6 59. Kg3 h5 60. Kh3 Kf4 61. Kh2 Kg4 62. Kg2 Nf4+ 63. Kh2 Nd5
64. Kg2 Nc7 65. Kh2 Na8 66. Kg2 Nb6 67. Kh2 Na4 68. Kg2 Nc5 69. Kh2 Nb3 70.
Kg2 Na1 71. Kh2 Nc2 72. Kg2 Ne3+ 73. Kh2 Kxh4 74. Kh1 Nf5 75. Kh2 Ne7 76.
Kh1 Ng6 77. Kh2 Nh8 78. Kh1 Ng6 79. Kh2 f6 80. Kh1 Nf4 81. Kh2 Ne2 82. Kh1
Ng3+ 83. Kh2 Nh1 84. Kxh1 g5 85. Kh2 g4 86. Kh1 f5 87. Kh2 f4 88. Kh1 Kg3
89. Kg1 f3 90. Kh1 h4 91. Kg1 h3 92. Kh1 Kf4 93. Kg1 Kg5 94. Kh1 Kh6 95. Kg1
Kh7 96. Kh1 Kh8 97. Kg1 Kg8 98. Kh1 Kf8 99. Kg1 Ke8 100. Kh1 Kd8 101. Kg1
Kc8 102. Kh1 Kb8 103. Kg1 Ka8 104. Kh1 g3 105. Kg1 Ka7 106. Kh1 Ka6 107. Kg1
Ka5 108. Kh1 Ka4 109. Kg1 Ka3 110. Kh1 Ka2 111. Kg1 Ka1 112. Kh1 Kb1 113.
Kg1 Kc2 114. Kh1 Kb2 115. Kg1 Kb3 116. Kh1 Kc4 117. Kg1 Kd3 118. Kh1 g2+
119. Kg1 Ke2 120. Kh2 Kf1 121. Kxh3 g1=Q 122. Kh4 Ke2 123. Kh3 Kd1 124. Kh4
Kc1 125. Kh3 Kb1 126. Kh4 Ka1 127. Kh3 f2 128. Kh4 f1=Q 129. Kh5 Qh3#
{White checkmated}
0-1

[Event "ICC tourney 2691 (75 10)"]
[Site "Internet Chess Club"]
[Date "2021.09.25"]
[Round "2"]
[White "CAREY, MICHAEL P:xyzchessdude"]
[Black "KRYLOV, RATISLAV:RatislavK"]
[Result "0-1"]
[ICCResult "White forfeits on time"]
[WhiteElo "1829"]
[BlackElo "1457"]
[Opening "English opening"]
[ECO "A05"]
[NIC "QP.11"]
[Time "14:30:42"]
[TimeControl "4500+10"]

1. Nf3 Nf6 2. c4 c6 3. e3 d5 4. Nc3 e6 5. b3 Bd6 6. Bb2 O-O 7. d4 Nbd7 8.
Be2 dxc4 9. bxc4 e5 10. O-O Re8 11. Qc2 exd4 12. exd4 Nf8 13. h3 Ng6 14.
Rfe1 Be6 15. Rad1 Nf4 16. Bf1 Qd7 17. Ne5 Qc7 18. Qc1 Ng6 19. Nxg6 hxg6 20.
d5 Bf5 21. Qa1 Rxe1 22. Rxe1 cxd5 23. cxd5 Rd8 24. Nb5 Qa5 25. Bxf6 gxf6 26.
Qxf6 Bf8 27. Rd1 a6 28. Qc3 Qa4 29. Rd4 Qxa2 30. Rh4 Bg7 31. Qc7 Rc8 32.
Qxb7 axb5 33. g4 Qc2 {White forfeits on time} 0-1

[Event "ICC tourney 2691 (75 10)"]
[Site "Internet Chess Club"]
[Date "2021.09.25"]
[Round "2"]
[White "MIYASAKA, JULIA:evilking"]
[Black "CHENG, Claire:Clairehouses"]
[Result "0-1"]
[ICCResult "White checkmated"]
[WhiteElo "1583"]
[BlackElo "1809"]
[Opening "Sicilian: Najdorf, Byrne (English) attack"]
[ECO "B90"]
[NIC "SI.14"]
[Time "14:30:20"]
[TimeControl "4500+10"]

1. e4 c5 2. Nf3 d6 3. d4 cxd4 4. Nxd4 Nf6 5. Nc3 a6 6. Be3 e5 7. Nb3 Be6 8.
f3 Be7 9. Qd2 Nbd7 10. g4 b5 11. g5 b4 12. Ne2 Nh5 13. Ng3 Nxg3 14. hxg3 Nb6
15. Qxb4 Nd7 16. Qd2 a5 17. f4 a4 18. Nc1 Qc7 19. Ne2 Rc8 20. Nc3 a3 21. Nb5
Qc6 22. Nxa3 Qxe4 23. Bg2 Qa4 24. Qd3 Qb4+ 25. Bd2 Qxb2 26. Rb1 Qxa2 27. f5
Bxf5 28. Qxf5 Qxa3 29. Rb3 Qa1+ 30. Kf2 Qd4+ 31. Be3 Qc4 32. Be4 g6 33. Qf3
Nc5 34. Bxc5 Qxc5+ 35. Kg2 Bxg5 36. Rf1 f5 37. Bd3 O-O 38. Qe2 e4 39. Bxe4
fxe4 40. Rxf8+ Rxf8 41. Rb2 e3 42. Kh3 Qf5+ 43. g4 Qf1+ 44. Qxf1 Rxf1 45. c3
Rf2 46. Rb8+ Kf7 47. Rb7+ Ke6 48. Rxh7 e2 49. Rh8 e1=Q 50. Re8+ Be7 51. g5
Qh1+ 52. Kg3 Qg2+ 53. Kh4 Rf4# {White checkmated} 0-1

[Event "ICC tourney 2691 (75 10)"]
[Site "Internet Chess Club"]
[Date "2021.09.25"]
[Round "3"]
[White "OPASKA, MICHAEL:mopaska1106"]
[Black "DORASZELSKI, ALEXANDER:alexdora"]
[Result "1/2-1/2"]
[ICCResult "Game drawn by repetition"]
[WhiteElo "1845"]
[BlackElo "1834"]
[Opening "QGD: Tarrasch, Prague variation, 9.Bg5"]
[ECO "D34"]
[NIC "TD.03"]
[Time "18:00:41"]
[TimeControl "4500+10"]

1. d4 d5 2. c4 e6 3. Nc3 c5 4. cxd5 exd5 5. Nf3 Nc6 6. g3 Nf6 7. Bg2 Be7 8.
O-O O-O 9. Bg5 c4 10. Ne5 Be6 11. Nxc6 bxc6 12. f3 h6 13. Be3 Qa5 14. Bf2 c5
15. Kh1 cxd4 16. Bxd4 Bc5 17. Bxf6 gxf6 18. Nxd5 Rad8 19. e4 Bxd5 20. exd5
Qb6 21. Rb1 Bd4 22. Qc1 Rxd5 23. Qxc4 Rh5 24. b4 Bf2 25. Qg4+ Rg5 26. Qh4
Re8 27. f4 Rg6 28. Bf3 Qe3 29. Kg2 Be1 30. Rfxe1 Qd2+ 31. Kf1 Qd3+ 32. Kf2
Qd4+ 33. Kf1 Qd3+ 34. Kf2 Qd4+ 35. Kf1 Qd3+ 36. Kf2 {Game drawn by
repetition} 1/2-1/2

[Event "ICC tourney 2691 (75 10)"]
[Site "Internet Chess Club"]
[Date "2021.09.25"]
[Round "3"]
[White "OLIVERO, ERIC-BAILEY:Tragiiic"]
[Black "BRUDNO, STEPHEN:StevChess01"]
[Result "1-0"]
[ICCResult "Black resigns"]
[WhiteElo "1860"]
[BlackElo "1672"]
[Opening "Sicilian: closed"]
[ECO "B24"]
[NIC "SI.44"]
[Time "18:00:41"]
[TimeControl "4500+10"]

1. e4 c5 2. Nc3 Nc6 3. g3 g6 4. Bg2 Bg7 5. Nge2 e5 6. Nd5 d6 7. d3 Rb8 8.
O-O Be6 9. Nec3 Qd7 10. Bg5 f6 11. Be3 Nd4 12. f4 Ne7 13. fxe5 fxe5 14. Bh6
Nxd5 15. exd5 Bg4 16. Qd2 Bxh6 17. Qxh6 Kd8 18. Rf2 Qe7 19. Raf1 Bd7 20. Rf7
Nf5 21. R1xf5 Bxf5 22. Rxe7 Kxe7 23. Qg7+ {Black resigns} 1-0

[Event "ICC tourney 2691 (75 10)"]
[Site "Internet Chess Club"]
[Date "2021.09.25"]
[Round "3"]
[White "BONDALAPATI, SRI VIBHAV:Vibhu11"]
[Black "TAO, SIHAN:K06-16931716"]
[Result "0-1"]
[ICCResult "White checkmated"]
[WhiteElo "1742"]
[BlackElo "1690"]
[Opening "Sicilian"]
[ECO "B56"]
[NIC "SI.25"]
[Time "18:00:14"]
[TimeControl "4500+10"]

1. e4 c5 2. Nf3 d6 3. d4 cxd4 4. Nxd4 Nf6 5. Nc3 Nc6 6. Be3 Ng4 7. Qd2 Nxe3
8. Qxe3 Qb6 9. Bb5 Bd7 10. O-O-O e6 11. Bxc6 Bxc6 12. Nd5 Qd8 13. Nxc6 bxc6
14. Nb4 Qc7 15. Qa3 d5 16. exd5 Qf4+ 17. Kb1 Qxb4 18. Qa6 Qb6 19. Qxb6 axb6
20. dxc6 Rc8 21. Rd7 Rxc6 22. Rhd1 Rc8 23. Rb7 Bc5 24. f3 O-O 25. a3 Rfd8
26. Rbd7 Rxd7 27. Rxd7 g6 28. b4 Bg1 29. h3 Kf8 30. Kb2 Ke8 31. Rd1 Be3 32.
a4 Bf4 33. Kb3 Rd8 34. Rxd8+ Kxd8 35. c4 Kc7 36. Kc3 Kc6 37. Kd3 Bg3 38. Kd2
h5 39. Kc3 Be1+ 40. Kb3 f5 41. Ka3 e5 42. Kb3 e4 43. fxe4 fxe4 44. a5 bxa5
45. bxa5 Bxa5 46. Kc2 Kc5 47. Kd1 Kxc4 48. Ke2 Kd4 49. h4 e3 50. g3 Ke4 51.
g4 hxg4 52. h5 gxh5 53. Kd1 Kd3 54. Kc1 e2 55. Kb2 e1=Q 56. Kb3 Qc3+ 57. Ka2
Qb4 58. Ka1 Kc2 59. Ka2 Qa4# {White checkmated} 0-1

[Event "ICC tourney 2691 (75 10)"]
[Site "Internet Chess Club"]
[Date "2021.09.25"]
[Round "3"]
[White "YUE, TARIQ:K01-30014129"]
[Black "BROCKHOUSE, JOHN:bbrockva"]
[Result "1-0"]
[ICCResult "Black forfeits on time"]
[WhiteElo "1438"]
[BlackElo "1343"]
[Opening "QGD semi-Slav"]
[ECO "D43"]
[NIC "SL.03"]
[Time "18:00:10"]
[TimeControl "4500+10"]

1. Nf3 d5 2. d4 c6 3. c4 Nf6 4. Nc3 e6 5. Bg5 h6 6. Bh4 g5 7. Bg3 dxc4 8. e3
b5 9. a4 b4 10. Nb1 c3 11. bxc3 bxc3 12. Qb3 Qa5 13. Bxb8 Bb4 14. Be5 c2+
15. Nbd2 Ne4 16. Qxc2 Nxd2 17. Nxd2 O-O 18. Bd3 f6 19. Bg3 c5 20. dxc5 Rd8
21. Bd6 Bb7 22. Bc4 Kg7 23. Bxe6 Ba6 24. Rd1 Bd3 25. Qc1 Qxa4 26. Qb2 Bc2
27. Ra1 Bxd2+ 28. Kxd2 Qe4 29. Qxc2 Qxe6 30. Ra4 Qd7 31. Rd4 Qc6 32. f3 Rac8
33. Rb1 {Black forfeits on time} 1-0

[Event "ICC tourney 2691 (75 10)"]
[Site "Internet Chess Club"]
[Date "2021.09.25"]
[Round "3"]
[White "CHANDI, ISHNOOR SINGH:Ishnoor"]
[Black "GOLI, SRIMAN:awakeflood"]
[Result "0-1"]
[ICCResult "White checkmated"]
[WhiteElo "1708"]
[BlackElo "1757"]
[Opening "French: advance, Paulsen attack"]
[ECO "C02"]
[NIC "FR.03"]
[Time "18:00:16"]
[TimeControl "4500+10"]

1. e4 e6 2. d4 d5 3. e5 c5 4. c3 Nc6 5. Nf3 Qb6 6. Qc2 cxd4 7. cxd4 Nxd4 8.
Nxd4 Qxd4 9. Bb5+ Bd7 10. Bxd7+ Kxd7 11. O-O Rc8 12. Nc3 Ne7 13. Be3 Qxe5
14. Bxa7 Nc6 15. f4 Qc7 16. Be3 Bb4 17. Rad1 Bxc3 18. bxc3 Ne7 19. Rb1 Nf5
20. Qa4+ Qc6 21. Rxb7+ Rc7 22. Qxc6+ Kxc6 23. Rb6+ Kd7 24. Bd2 Ra8 25. Ra1
Rca7 26. Rb2 Nd6 27. Be1 Ra3 28. Rc2 R3a4 29. g3 Rc4 30. Rb1 Rac8 31. Kf2
Ne4+ 32. Ke3 Nxc3 33. Rb7+ Ke8 34. Kd3 Na4 35. Rxc4 Rxc4 36. Rb8+ Ke7 37.
Bf2 Rc3+ 38. Kd2 Ra3 39. h4 Rxa2+ 40. Ke1 Kf6 41. Rb7 h5 42. Bd4+ Kg6 43.
Kf1 Ra3 44. Kf2 Nc3 45. Bxc3 Rxc3 46. Rb4 Rd3 47. Rb1 d4 48. Re1 Rd2+ 49.
Kf3 d3 50. Re5 Rd1 51. Rg5+ Kh6 52. Rb5 d2 53. Ke2 Rg1 54. Kxd2 Rxg3 55. Rb7
Kg6 56. Ke2 Rh3 57. Rb5 Rxh4 58. Rg5+ Kf6 59. Kf3 g6 60. Re5 Rh3+ 61. Kg2
Rd3 62. Re4 Kf5 63. Ra4 Re3 64. Kf2 Re4 65. Ra5+ Kxf4 66. Kg2 f5 67. Kf2 g5
68. Kg1 h4 69. Kf2 g4 70. Ra1 g3+ 71. Kg1 h3 72. Rf1+ Kg4 73. Kh1 g2+ 74.
Kh2 gxf1=N+ 75. Kg1 Ng3 76. Kf2 Re2+ 77. Kg1 h2# {White checkmated} 0-1